 Dungeon Crawl Stone Soup version 0.29-a0-613-gf2c431b9b9 (webtiles) character file.

Game seed: 7016569994385777148

0 emperorscorpion the Grave Robber (level 1, 13/13 HPs)
             Began as a Mummy Necromancer on May 20, 2022.
             Quit the game on level 1 of the Dungeon on June 16, 2022.
             The game lasted 00:01:05 (14 turns).

emperorscorpion the Grave Robber (Mummy Necromancer)  Turns: 14, Time: 00:01:06

Health: 13/13      AC:  2    Str: 11    XL:     1   Next: 8%
Magic:  1/4        EV: 12    Int: 14    God:
Gold:   0          SH:  0    Dex: 12    Spells: 4/5 levels left

rFire   x . .      SeeInvis .   (no weapon)
rCold   + . .      Faith    .   (no shield)
rNeg    + + +      Spirit   .   a - +0 robe
rPois   ∞          Reflect  .   (no helmet)
rElec   .          Harm     .   (no cloak)
rCorr   .          Rampage  .   (no gloves)
Will    .....                   (no boots)
Stlth   ++........              (no amulet)
HPRegen 0.04/turn               (no ring)
MPRegen 0.09/turn               (no ring)

@: no status effects
A: cold resistance 1, negative energy resistance 3, torment resistance 2, heat
vulnerability 1, no potions
a: no special abilities


You were on level 1 of the Dungeon.
You visited 1 branch of the dungeon, and saw 1 of its levels.

Inventory:

Armour
 a - a +0 robe (worn)


   Skills:
 + Level 1.5 Dodging
 + Level 1.6 Stealth
 + Level 2.6 Spellcasting
 + Level 4.0 Necromancy


You had 4 spell levels left.
You knew the following spells:

 Your Spells              Type           Power      Damage    Failure   Level
a - Pain                  Necr           52%        1d6       4%          1

Your spell library contained the following spells:

 Spells                   Type           Power      Damage    Failure   Level
 Animate Skeleton         Necr           26%        N/A       4%          1
 Vampiric Draining        Necr           13%        2d6       13%         3
 Animate Dead             Necr           13%        N/A       38%         4
 Agony                    Necr           13%        N/A       75%         5


Dungeon Overview and Level Annotations

Branches:
Dungeon (1/15)

Altars:


Innate Abilities, Weirdness & Mutations

You are immune to poison.
Your flesh is cold resistant. (rC+)
You are immune to negative energy. (rN+++)
You are immune to unholy pain and torment.
You are vulnerable to heat. (rF-)
You do not drink.


Message History

Welcome, emperorscorpion the Mummy Necromancer.
The heart of this dungeon contains the wondrous artefact, the Orb of Zot.
Press ? for a list of commands and other information.
Found a staircase leading out of the dungeon.
You open the door.
There is an open door here.
A rat comes into view.
Casting: Pain (safe; 4% risk of failure)
Confirm with . or Enter, or press ? or * to list all spells.
Aiming: Pain (safe; 4% risk of failure)
Press: ? - help, Shift-Dir - straight line, f - rat
Aim: a rat (asleep, chance to affect: 83%)
The rat barely resists.
Casting: Pain (safe; 4% risk of failure)
Confirm with . or Enter, or press ? or * to list all spells.
Aiming: Pain (safe; 4% risk of failure)
Press: ? - help, Shift-Dir - straight line, f/p - rat
Aim: a rat (chance to affect: 83%)
The rat writhes in agony.
Casting: Pain (safe; 4% risk of failure)
Confirm with . or Enter, or press ? or * to list all spells.
Aiming: Pain (safe; 4% risk of failure)
Press: ? - help, Shift-Dir - straight line, f/p - rat
Aim: a rat (heavily wounded, chance to affect: 83%)
The rat writhes in agony.
You kill the rat!
Saving game... please wait.
Welcome back, emperorscorpion the Mummy Necromancer.
Press ? for a list of commands and other information.
Welcome back, emperorscorpion the Mummy Necromancer.
Press ? for a list of commands and other information.
Are you sure you want to abandon this character and quit the game? (Confirm with "yes".)

.. .. .## ...
#.# # #.#
#.##.####
#....@†.#
########.##..#
##≈≈≈≈≈##'# .#
##........8###
#
#..<.........+
##........8###
##≈≈≈≈≈##+#
#######


There were no monsters in sight!

Vanquished Creatures
  A rat (D:1)
1 creature vanquished.

Notes
Turn   | Place    | Note
-------+----------+-------------------------------------------
     0 | D:1      | emperorscorpion the Mummy Necromancer began the quest for
                  | the Orb.
     0 | D:1      | Reached XP level 1. HP: 13/13 MP: 4/4
    14 | D:1      | Upgraded the game from 0.29-a0-330-g52719c12eb to
                  | 0.29-a0-613-gf2c431b9b9
    14 | D:1      | Quit the game

Illustrated notes

Levels and vault maps discovered:
D:1:      wander_arrival_chamber, layout_basic

Action                   || total
-------------------------++-------
 Cast: Pain              ||     3

Table legend: (Time is in decaauts)
 A = Elapsed time spent in this place.
 B = Non-inter-level travel time spent in this place.
 C = Inter-level travel time spent in this place.
 D = Time resting spent in this place.
 E = Time spent auto-exploring this place.
 F = Levels seen in this place.
 G = Mean time per level.
                   A        B        C        D        E       F      G
               +--------+--------+--------+--------+--------+-----+--------+
         Total |     14 |     14 |      0 |      0 |     10 |   1 |   14.0 |
       Dungeon |     14 |     14 |      0 |      0 |     10 |   1 |   14.0 |
               +--------+--------+--------+--------+--------+-----+--------+

Top non-repeatable levels by time:
     D:1: 14 daAuts
